cohdb
Replays
Latest Replays
All Replays
Popular Replays
Top Player Replays
Match Explorer
How It Works
Community
CoH3 Stats
Reddit
Sign in to upload your games and track your stats! →
Sign in with Steam
Match 45536498
Unlisted
Match 45536498
Overview
Messages
Build Orders
End
Royal Engineer Section
Construct Section Command Post
Infantry Section
Selects Heavy Armor Battlegroup
Dingo Light Scout Car
Infantry Section
Infantry Section
Selects Engineer Detachments
Construct Platoon Command Post
Humber Armored Car
Construct Field Infirmary
Infantry Section
Makros
Itaperuna
0
0
Comments
sign in to comment!
No comments posted yet!